[Event "ICC Open 2015"]
[Site "Internet Chess Club"]
[Date "2015.05.29"]
[Round "1"]
[White "bennywins"]
[Black "Providence"]
[Result "0-1"]
[ICCResult "White resigns"]
[WhiteElo "1165"]
[BlackElo "1787"]
[Opening "Sicilian: Najdorf, 6.Bg5"]
[ECO "B94"]
[NIC "SI.04"]
[Time "14:02:46"]
[TimeControl "180+0"]

1. e4 c5 2. Nf3 d6 3. d4 cxd4 4. Nxd4 Nf6 5. Nc3 a6 6. Bg5 Nbd7 7. Bd3 g6 8.
O-O Bg7 9. f3 Qb6 10. Be3 Qxb2 11. Rb1 Qxc3 12. Qd2 Qxd2 13. Bxd2 Nxe4
{White resigns}
0-1

[Event "ICC Open 2015"]
[Site "Internet Chess Club"]
[Date "2015.05.29"]
[Round "1"]
[White "Schurick"]
[Black "klodshans"]
[Result "1-0"]
[ICCResult "Black resigns"]
[WhiteElo "2279"]
[BlackElo "1535"]
[Opening "Réti opening"]
[ECO "A04"]
[NIC "QP.11"]
[Time "14:02:46"]
[TimeControl "180+0"]

1. Nf3 d6 2. g3 g6 3. d3 Bg7 4. Bg2 Nc6 5. O-O e5 6. c4 f5 7. Nc3 Nf6 8. Rb1
O-O 9. b4 Ne7 10. b5 c6 11. bxc6 bxc6 12. Ba3 Kh8 13. Qa4 Bd7 14. Bxd6 c5
15. Qa3 e4 16. Ne5 Rc8 17. Bxc5 Re8 18. Nf7+ Kg8 19. Nxd8 {Black resigns}
1-0

[Event "ICC Open 2015"]
[Site "Internet Chess Club"]
[Date "2015.05.29"]
[Round "1"]
[White "isodung"]
[Black "Nakia"]
[Result "1-0"]
[ICCResult "Black checkmated"]
[WhiteElo "2654"]
[BlackElo "1766"]
[Opening "French: Two knights variation"]
[ECO "C00"]
[NIC "FR.01"]
[Time "14:02:47"]
[TimeControl "180+0"]

1. e4 e6 2. Nc3 d5 3. Nf3 c6 4. d4 dxe4 5. Nxe4 f5 6. Ng3 Nf6 7. Bd3 Bd6 8.
c3 O-O 9. Bg5 g6 10. h4 h5 11. Ne2 Nbd7 12. g3 Rf7 13. Qd2 Qe8 14. O-O-O b5
15. Nf4 Bxf4 16. Bxf4 a5 17. Ne5 Nxe5 18. Bxe5 Kh7 19. f3 Nd5 20. Rdg1 a4
21. g4 f4 22. Bxg6+ Kxg6 23. Qd3+ Kh6 24. g5# {Black checkmated} 1-0

[Event "ICC Open 2015"]
[Site "Internet Chess Club"]
[Date "2015.05.29"]
[Round "1"]
[White "Bleeksk"]
[Black "Zigfrid"]
[Result "0-1"]
[ICCResult "White resigns"]
[WhiteElo "1924"]
[BlackElo "3176"]
[Opening "English: Bremen, reverse dragon"]
[ECO "A22"]
[NIC "EO.10"]
[Time "14:02:53"]
[TimeControl "180+0"]

1. c4 e5 2. Nc3 Nf6 3. g3 d5 4. cxd5 Nxd5 5. Bg2 Nb6 6. Nf3 Nc6 7. O-O Be7
8. d3 O-O 9. Be3 Re8 10. Rc1 Bf8 11. a3 Nd4 12. Bxd4 exd4 13. Ne4 a5 14. Qc2
c6 15. Nc5 a4 16. Rfe1 h6 17. Nd2 Ra5 18. Nce4 f5 19. Nc4 Nxc4 20. Qxc4+ Be6
{White resigns}
0-1

[Event "ICC Open 2015"]
[Site "Internet Chess Club"]
[Date "2015.05.29"]
[Round "1"]
[White "nihil95"]
[Black "Valai"]
[Result "0-1"]
[ICCResult "White resigns"]
[WhiteElo "1700"]
[BlackElo "2482"]
[Opening "Robatsch (modern) defense"]
[ECO "B06"]
[NIC "KF.06"]
[Time "14:03:21"]
[TimeControl "180+0"]

1. e4 g6 2. Nf3 Bg7 3. d4 c6 4. c3 d6 5. Be2 Nf6 6. Nbd2 O-O 7. O-O Bg4 8.
h3 Bxf3 9. Bxf3 Nbd7 10. Re1 e5 11. Qe2 Re8 12. Rb1 d5 13. dxe5 Nxe5 14.
exd5 Nxf3+ 15. Nxf3 Rxe2 16. Rxe2 Qxd5 17. Bf4 Qf5 18. Bh2 Qxb1+ {White
resigns} 0-1

[Event "ICC Open 2015"]
[Site "Internet Chess Club"]
[Date "2015.05.29"]
[Round "1"]
[White "chesstempo2"]
[Black "RJoseph12"]
[Result "1-0"]
[ICCResult "Black resigns"]
[WhiteElo "2029"]
[BlackElo "1250"]
[Opening "QGD Slav: 4.e3 Bf5"]
[ECO "D12"]
[NIC "QP.08"]
[Time "14:02:14"]
[TimeControl "180+0"]

1. d4 d5 2. Nf3 Nf6 3. e3 Bf5 4. c4 c6 5. Nc3 e6 6. Qb3 Qb6 7. Bd2 Nbd7 8.
Be2 Be7 9. O-O O-O 10. Rfc1 Rac8 11. Ne5 Nxe5 12. dxe5 Nd7 13. f4 Bb4 14.
Kh1 Rfe8 15. Nxd5 cxd5 16. Bxb4 dxc4 17. Bxc4 Qxe3 18. Qxe3 Nb6 19. Bb3 Red8
20. Rxc8 Rxc8 21. Rc1 Rd8 22. Bd6 {Black resigns} 1-0

[Event "ICC Open 2015"]
[Site "Internet Chess Club"]
[Date "2015.05.29"]
[Round "1"]
[White "bas1512"]
[Black "reydelmambo"]
[Result "0-1"]
[ICCResult "White resigns"]
[WhiteElo "1203"]
[BlackElo "2017"]
[Opening "QGA: 3.e4"]
[ECO "D20"]
[NIC "QG.04"]
[Time "14:02:56"]
[TimeControl "180+0"]

1. d4 d5 2. c4 dxc4 3. e4 Nc6 4. Nf3 Bg4 5. d5 Ne5 6. Na3 Nf6 7. h3 Bxf3 8.
gxf3 e6 9. f4 Nd3+ 10. Bxd3 cxd3 11. Qxd3 exd5 12. e5 Bb4+ 13. Bd2 Bxd2+ 14.
Qxd2 Ne4 15. Qd3 O-O 16. O-O-O c6 17. Qg3 Nxg3 {White resigns} 0-1

[Event "ICC Open 2015"]
[Site "Internet Chess Club"]
[Date "2015.05.29"]
[Round "1"]
[White "chessdjw"]
[Black "podkarpacki"]
[Result "1-0"]
[ICCResult "Black resigns"]
[WhiteElo "2076"]
[BlackElo "1411"]
[Opening "Catalan: closed, 5.Nf3"]
[ECO "E06"]
[NIC "CA.04"]
[Time "14:02:16"]
[TimeControl "180+0"]

1. Nf3 e6 2. c4 d5 3. d4 Nf6 4. g3 Be7 5. Bg2 O-O 6. O-O h6 7. Nbd2 c6 8.
Qc2 Nbd7 9. Rd1 Re8 10. e4 dxe4 11. Nxe4 Nxe4 12. Qxe4 Nf6 13. Qc2 b6 14.
Ne5 Bb7 15. Nxc6 Bxc6 16. Bxc6 Rc8 17. Bxe8 Nxe8 18. Bf4 Bf6 19. Be5 Nc7 20.
Bxf6 Qxf6 21. Qe4 Na6 22. Rac1 Nb4 23. a3 Nc6 24. d5 exd5 25. cxd5 Ne7 26.
Rxc8+ Nxc8 27. Qe8+ Kh7 28. Qxc8 Qxb2 29. d6 Qe2 30. Qf5+ Kg8 31. Rc1
{Black resigns}
1-0

[Event "ICC Open 2015"]
[Site "Internet Chess Club"]
[Date "2015.05.29"]
[Round "1"]
[White "Tunkki"]
[Black "Tasmaniandevil"]
[Result "1-0"]
[ICCResult "Black resigns"]
[WhiteElo "1954"]
[BlackElo "2098"]
[Opening "English opening"]
[ECO "A10"]
[NIC "EO.64"]
[Time "14:02:36"]
[TimeControl "180+0"]

1. c4 Nc6 2. g3 e5 3. Bg2 f5 4. Nc3 Nf6 5. d3 Bc5 6. e3 O-O 7. Nge2 d6 8.
O-O f4 9. exf4 Qe8 10. Be3 Bxe3 11. fxe3 Qh5 12. Nd5 Ng4 13. h3 Nh6 14. Nec3
Qf7 15. fxe5 Qd7 16. Rxf8+ Kxf8 17. Qf3+ Kg8 18. Rf1 Qd8 19. exd6 cxd6 20.
Nc7 Ne5 21. Qd5+ Kh8 22. Nxa8 {Black resigns} 1-0

[Event "ICC Open 2015"]
[Site "Internet Chess Club"]
[Date "2015.05.29"]
[Round "1"]
[White "eddington"]
[Black "NietzscheBac"]
[Result "1-0"]
[ICCResult "Black resigns"]
[WhiteElo "2119"]
[BlackElo "1564"]
[Opening "Ruy Lopez: Berlin defense, open variation"]
[ECO "C67"]
[NIC "RL.07"]
[Time "14:02:19"]
[TimeControl "180+0"]

1. e4 e5 2. Nf3 Nc6 3. Bb5 Nf6 4. O-O Nxe4 5. d4 Nd6 6. Bxc6 dxc6 7. dxe5
Nf5 8. Qxd8+ Kxd8 9. Nc3 Ne7 10. Rd1+ Ke8 11. h3 Ng6 12. Ne2 h6 13. Nf4 Nxf4
14. Bxf4 Be6 15. b3 Rd8 16. Rxd8+ Kxd8 17. Nd4 Bd7 18. Rd1 c5 19. Nf5 Kc8
20. Ne3 Be6 21. Nd5 b6 22. Be3 Kb7 23. f4 Kc6 24. c4 g6 25. Kf2 Bg7 26. Kf3
Rd8 27. Ne7+ Kb7 28. Rxd8 {Black resigns} 1-0

[Event "ICC Open 2015"]
[Site "Internet Chess Club"]
[Date "2015.05.29"]
[Round "1"]
[White "Parsifal"]
[Black "jps7"]
[Result "1-0"]
[ICCResult "Black checkmated"]
[WhiteElo "2399"]
[BlackElo "1630"]
[Opening "QGD: classical variation (5.Bf4)"]
[ECO "D37"]
[NIC "QP.08"]
[Time "14:02:37"]
[TimeControl "180+0"]

1. d4 d5 2. c4 e6 3. Nf3 Nf6 4. Nc3 Be7 5. Bf4 a6 6. e3 O-O 7. Rc1 b6 8. Qc2
Bb7 9. cxd5 exd5 10. Ne5 Ne4 11. Bd3 f5 12. f3 Nxc3 13. bxc3 g6 14. g4 Bd6
15. gxf5 gxf5 16. Rg1+ Kh8 17. Bxf5 Qh4+ 18. Bg3 Qh5 19. Bxh7 Qxh7 20. Ng6+
Kg7 21. Bxd6 cxd6 22. Nxf8+ Kh8 23. Qxh7# {Black checkmated} 1-0

[Event "ICC Open 2015"]
[Site "Internet Chess Club"]
[Date "2015.05.29"]
[Round "1"]
[White "Red-white"]
[Black "TheLoneKing1"]
[Result "1-0"]
[ICCResult "Black resigns"]
[WhiteElo "3304"]
[BlackElo "1985"]
[Opening "Réti: King's Indian attack (Barcza system)"]
[ECO "A07"]
[NIC "QP.09"]
[Time "14:03:36"]
[TimeControl "180+0"]

1. Nf3 d5 2. g3 c6 3. Bg2 Bf5 4. O-O Nf6 5. d3 Nbd7 6. Nc3 e5 7. Nh4 Bg6 8.
e4 d4 9. Ne2 Bd6 10. Nf5 Bc7 11. Nxg7+ Ke7 12. Nf5+ Ke8 13. f4 exf4 14. Nxf4
Bxf5 15. exf5 Bxf4 16. Bxf4 h6 17. Bd6 Qa5 18. b4 Qb6 19. Qe2+ Kd8 20. Qe7+
Kc8 21. Qxf7 Qb5 22. a4 Qd5 23. Bxd5 {Black resigns} 1-0

[Event "ICC Open 2015"]
[Site "Internet Chess Club"]
[Date "2015.05.29"]
[Round "1"]
[White "Talion"]
[Black "TudoracheM"]
[Result "1-0"]
[ICCResult "Black resigns"]
[WhiteElo "2952"]
[BlackElo "1859"]
[Opening "Queen's pawn: London system"]
[ECO "A45"]
[NIC "QP.07"]
[Time "14:02:57"]
[TimeControl "180+0"]

1. d4 Nf6 2. Bf4 g6 3. e3 d6 4. c3 Bg7 5. h3 h6 6. Nd2 Nc6 7. Ngf3 Nd7 8.
Bh2 O-O 9. Be2 e5 10. O-O f5 11. b4 a6 12. a4 e4 13. Ne1 Ne7 14. b5 g5 15.
c4 axb5 16. axb5 Rxa1 17. Qxa1 Nf6 18. Nc2 c6 19. bxc6 bxc6 20. Qa3 d5 21.
Bd6 Re8 22. Rb1 Be6 23. c5 Nc8 24. Rb8 Qd7 25. Be5 Nh7 26. Bxg7 Kxg7 27. Nb4
Re7 28. Qa6 Qc7 29. Nxc6 Rf7 30. Rb1 f4 31. Ne5 fxe3 32. fxe3 Rf6 33. Rb7
{Black resigns}
1-0

[Event "ICC Open 2015"]
[Site "Internet Chess Club"]
[Date "2015.05.29"]
[Round "1"]
[White "mcplayerus"]
[Black "Dictator"]
[Result "0-1"]
[ICCResult "White resigns"]
[WhiteElo "1735"]
[BlackElo "2606"]
[Opening "Grünfeld: Russian variation with e4"]
[ECO "D97"]
[NIC "GI.10"]
[Time "14:02:29"]
[TimeControl "180+0"]

1. d4 Nf6 2. c4 g6 3. Nf3 Bg7 4. Nc3 d5 5. Qb3 dxc4 6. Qxc4 O-O 7. e4 Be6 8.
d5 Bc8 9. Bf4 c6 10. Bxb8 Rxb8 11. dxc6 bxc6 12. Rd1 Qa5 13. Be2 Rxb2 14.
O-O Be6 15. Qxc6 Rc8 16. Qa6 Qxa6 17. Bxa6 Rxc3 18. Rd8+ Bf8 19. Nd4 Rb6 20.
Nxe6 fxe6 21. Bc8 Kf7 22. f3 Rd6 23. Rxd6 exd6 24. Bb7 Ra3 25. Rc1 Rxa2 26.
Rc7+ Be7 27. h4 a5 28. g4 a4 29. g5 Nh5 30. Bc6 a3 31. Ra7 Nf4 32. Bb5 Rg2+
33. Kf1 Ra2 34. Bc4 Ra1+ 35. Kf2 d5 36. exd5 exd5 37. Bb3 Nd3+ 38. Ke3 Nb4
39. Kd4 a2 40. Bxd5+ Nxd5 41. Kxd5 Rd1+ 42. Kc4 a1=Q 43. Rxa1 Rxa1
{White resigns}
0-1

[Event "ICC Open 2015"]
[Site "Internet Chess Club"]
[Date "2015.05.29"]
[Round "1"]
[White "fviana"]
[Black "Govindan"]
[Result "1-0"]
[ICCResult "Black resigns"]
[WhiteElo "2351"]
[BlackElo "1570"]
[Opening "King's Indian: fianchetto with ...Nd7"]
[ECO "E67"]
[NIC "KI.76"]
[Time "14:02:15"]
[TimeControl "180+0"]

1. c4 d6 2. Nf3 Nf6 3. Nc3 g6 4. d4 Bg7 5. g3 Nbd7 6. Bg2 O-O 7. O-O Re8 8.
b3 e5 9. Bb2 e4 10. Ng5 e3 11. fxe3 Rxe3 12. Qd2 Qe7 13. Rf3 Ng4 14. Nd5
Rxe2 15. Nxe7+ Kf8 16. Qxe2 Ndf6 17. Raf1 h6 18. Ne4 Kxe7 19. Nxf6+ Kf8 20.
Nxg4 Be6 21. Qxe6 {Black resigns} 1-0

[Event "ICC Open 2015"]
[Site "Internet Chess Club"]
[Date "2015.05.29"]
[Round "1"]
[White "VolcanoExplorer"]
[Black "olivermx"]
[Result "1-0"]
[ICCResult "Black checkmated"]
[WhiteElo "1993"]
[BlackElo "810"]
[Opening "Giuoco Pianissimo"]
[ECO "C55"]
[NIC "IG.01"]
[Time "14:03:42"]
[TimeControl "180+0"]

1. e4 e5 2. Nf3 Nc6 3. Bc4 Nf6 4. d3 Bc5 5. Bg5 O-O 6. Nc3 d6 7. Nd5 Be6 8.
Bxf6 gxf6 9. Nh4 Bxd5 10. Bxd5 f5 11. Nxf5 Qd7 12. Qg4+ Kh8 13. Qg7#
{Black checkmated}
1-0

[Event "ICC Open 2015"]
[Site "Internet Chess Club"]
[Date "2015.05.29"]
[Round "1"]
[White "maly"]
[Black "MBAStudent"]
[Result "1-0"]
[ICCResult "Black resigns"]
[WhiteElo "2653"]
[BlackElo "1743"]
[Opening "Benkö gambit half accepted"]
[ECO "A57"]
[NIC "BI.43"]
[Time "14:02:21"]
[TimeControl "180+0"]

1. d4 Nf6 2. c4 c5 3. d5 b5 4. cxb5 a6 5. e3 g6 6. Nc3 Bg7 7. Nf3 O-O 8. a4
d6 9. e4 Nfd7 10. Bd2 axb5 11. Bxb5 Ba6 12. O-O Bxb5 13. axb5 Rxa1 14. Qxa1
Nb6 15. Qa7 Nc4 16. Bc1 Qd7 17. b6 Qd8 18. b7 Qb6 19. Qxb6 Nxb6 20. Bg5 Re8
21. Ra1 h6 22. Be3 Nc4 23. Ra8 Nxb2 24. Nb5 Nc4 25. Nc7 Rd8 26. Na6 Nb6 27.
Rxb8 {Black resigns} 1-0

[Event "ICC Open 2015"]
[Site "Internet Chess Club"]
[Date "2015.05.29"]
[Round "1"]
[White "eltigrecu"]
[Black "noyb"]
[Result "1-0"]
[ICCResult "Black resigns"]
[WhiteElo "2033"]
[BlackElo "1306"]
[Opening "Levitsky attack (Queen's bishop attack)"]
[ECO "D00"]
[NIC "QP.08"]
[Time "14:02:24"]
[TimeControl "180+0"]

1. d4 d5 2. Bg5 c6 3. c3 Qb6 4. Qc2 g6 5. Nd2 Bf5 6. Qb3 Bg7 7. Ngf3 Nd7 8.
e3 Ngf6 9. Be2 O-O 10. Nh4 Be6 11. Qc2 h6 12. Bxf6 Nxf6 13. Bd3 Bd7 14. O-O
Rac8 15. e4 dxe4 16. Nxe4 Nxe4 17. Bxe4 Be6 18. Rfe1 Rfe8 19. Bxg6 Bxa2 20.
Bh7+ Kh8 21. Rxa2 c5 22. dxc5 Qxc5 23. Bd3 e6 24. Nf3 Qh5 25. Rxa7 Rg8 26.
Rxb7 Bxc3 27. Qe2 Bxe1 28. Qe4 Rg7 29. Nxe1 Rcg8 30. g3 Qd1 31. Kg2 Rd8 32.
Bc2 Qd2 33. Nf3 Qd6 34. Ne5 Kg8 35. Nxf7 Rf8 36. Nxd6 {Black resigns} 1-0

[Event "ICC Open 2015"]
[Site "Internet Chess Club"]
[Date "2015.05.29"]
[Round "1"]
[White "ShcherbinMatvei"]
[Black "prabhat"]
[Result "1-0"]
[ICCResult "Black checkmated"]
[WhiteElo "1807"]
[BlackElo "1169"]
[Opening "Scotch game"]
[ECO "C45"]
[NIC "SO.04"]
[Time "14:02:18"]
[TimeControl "180+0"]

1. e4 e5 2. Nf3 Nc6 3. d4 exd4 4. Nxd4 d6 5. Nc3 Nxd4 6. Qxd4 Nf6 7. Be3 Be7
8. O-O-O O-O 9. f3 c5 10. Qd2 b5 11. Nd5 Nxd5 12. Qxd5 b4 13. Qxa8 Qc7 14.
Qd5 Bb7 15. Qd2 a5 16. Bc4 a4 17. Qd3 Ra8 18. Rhe1 b3 19. cxb3 axb3 20. axb3
Qa5 21. Kc2 Qa2 22. Ra1 Qxa1 23. Rxa1 Rxa1 24. Bd5 Ba6 25. Bc4 Bxc4 26. Qxc4
Ra5 27. e5 dxe5 28. Qc3 Ra7 29. Qxe5 Kf8 30. Qb8+ Bd8 31. Qxd8#
{Black checkmated}
1-0

[Event "ICC Open 2015"]
[Site "Internet Chess Club"]
[Date "2015.05.29"]
[Round "1"]
[White "Meditator"]
[Black "lemanofzorn"]
[Result "1-0"]
[ICCResult "Black checkmated"]
[WhiteElo "2272"]
[BlackElo "1522"]
[Opening "QGD Slav: 4.e3"]
[ECO "D11"]
[NIC "SL.01"]
[Time "14:03:36"]
[TimeControl "180+0"]

1. d4 d5 2. c4 c6 3. Nf3 Nf6 4. e3 Bg4 5. Qb3 Bxf3 6. gxf3 Qc7 7. Nc3 e6 8.
Bd2 Bd6 9. Rc1 Bxh2 10. f4 Ng4 11. cxd5 Nxf2 12. Kxf2 Bxf4 13. exf4 exd5 14.
Nxd5 Qd7 15. Qe3+ Kf8 16. Bb4+ Kg8 17. Ne7+ Kf8 18. Bh3 f5 19. Bxf5 Qxe7 20.
Qxe7+ Kg8 21. Qe8# {Black checkmated} 1-0

[Event "ICC Open 2015"]
[Site "Internet Chess Club"]
[Date "2015.05.29"]
[Round "1"]
[White "Woss"]
[Black "HematiteBrown"]
[Result "1/2-1/2"]
[ICCResult "Game drawn by mutual agreement"]
[WhiteElo "1749"]
[BlackElo "2088"]
[Opening "Sicilian: Canal-Sokolsky (Nimzovich-Rossolimo, Moscow) attack"]
[ECO "B51"]
[NIC "SI.01"]
[Time "14:02:42"]
[TimeControl "180+0"]

1. e4 c5 2. Nf3 d6 3. Bb5+ Nd7 4. Bxd7+ Bxd7 5. c3 Nf6 6. d3 e6 7. O-O Be7
8. Re1 O-O 9. d4 cxd4 10. cxd4 d5 11. e5 Ne4 12. Nbd2 Nxd2 13. Bxd2 Rc8 14.
Rc1 Qb6 15. Bc3 a5 16. a3 a4 17. Qd2 h6 18. Red1 Bb5 19. Ba5 Qa6 20. Bb4
Bxb4 21. Qxb4 Be2 22. Re1 Bxf3 23. gxf3 Rxc1 24. Rxc1 Qe2 25. Kg2 f6 26. Qe7
fxe5 27. Qxe6+ Kh8 28. Rc3 e4 29. Qxd5 Rxf3 30. Rxf3 Qxf3+ 31. Kg1 Qd1+ 32.
Kg2 Qf3+ 33. Kf1 Qd1+ 34. Kg2 Qf3+ 35. Kf1 Qd1+ {Game drawn by mutual
agreement} 1/2-1/2

[Event "ICC Open 2015"]
[Site "Internet Chess Club"]
[Date "2015.05.29"]
[Round "1"]
[White "playwaycool"]
[Black "MeWantCookie"]
[Result "1-0"]
[ICCResult "Black resigns"]
[WhiteElo "2307"]
[BlackElo "1558"]
[Opening "Trompowsky attack (Ruth, Opocenský opening)"]
[ECO "A45"]
[NIC "QP.07"]
[Time "14:02:37"]
[TimeControl "180+0"]

1. d4 Nf6 2. Bg5 e6 3. e4 h6 4. Bxf6 Qxf6 5. c3 c5 6. Nf3 d6 7. Bb5+ Bd7 8.
Bxd7+ Nxd7 9. O-O Qd8 10. Qe2 Be7 11. e5 cxd4 12. exd6 Bxd6 13. Nxd4 O-O 14.
Nd2 Nf6 15. Rad1 Qc7 16. g3 a6 17. Ne4 Be7 18. Nd2 Rfd8 19. Rfe1 Rac8 20.
N2f3 b5 21. Nxe6 fxe6 22. Qxe6+ Kh8 23. Ne5 Bf8 24. Nf7+ Kh7 25. Nxd8 Rxd8
26. Qf5+ Kg8 27. h4 Rxd1 28. Rxd1 Bc5 29. Qf3 Ne4 30. Qxe4 Qxg3+ 31. Qg2
Qxh4 32. Qd5+ {Black resigns} 1-0

[Event "ICC Open 2015"]
[Site "Internet Chess Club"]
[Date "2015.05.29"]
[Round "1"]
[White "Psycho-Cowboy"]
[Black "magdykassem"]
[Result "0-1"]
[ICCResult "White resigns"]
[WhiteElo "2428"]
[BlackElo "1697"]
[Opening "QGD: classical variation (5.Bf4)"]
[ECO "D37"]
[NIC "QO.16"]
[Time "14:02:21"]
[TimeControl "180+0"]

1. d4 e6 2. c4 d5 3. Nc3 Nf6 4. Nf3 Be7 5. Bf4 Nc6 6. e3 O-O 7. Qc2 Nb4 8.
Qb1 c5 9. a3 cxd4 10. axb4 dxc3 11. bxc3 Bd7 12. c5 b6 13. cxb6 axb6 14.
Rxa8 Qxa8 15. Bd3 Rc8 16. Qb2 Qc6 17. Kd2 Ne4+ 18. Bxe4 dxe4 19. Ne5 Qd5+
20. Kc1 Ba4 21. c4 f6 22. Kb1 Qd6 23. Ng4 Qd3+ 24. Kc1 Rxc4+ {White resigns}
0-1

[Event "ICC Open 2015"]
[Site "Internet Chess Club"]
[Date "2015.05.29"]
[Round "1"]
[White "ural"]
[Black "jugador"]
[Result "1-0"]
[ICCResult "Black resigns"]
[WhiteElo "2473"]
[BlackElo "1699"]
[Opening "Sicilian defense"]
[ECO "B20"]
[NIC "SI.48"]
[Time "14:03:32"]
[TimeControl "180+0"]

1. e4 c5 2. b3 Nc6 3. Bb2 d6 4. f4 e5 5. Qf3 Nf6 6. Bb5 Bd7 7. Ne2 Qc7 8.
O-O Be7 9. c4 Nd4 10. Nxd4 cxd4 11. Bxd7+ Nxd7 12. fxe5 Nxe5 13. Qg3 Bf6 14.
Kh1 O-O-O 15. Bxd4 Kb8 16. Nc3 Qc8 17. Nd5 Rhg8 18. Rae1 Nd7 19. Bxf6 gxf6
20. Qxd6+ Ka8 21. Ne7 {Black resigns} 1-0

[Event "ICC Open 2015"]
[Site "Internet Chess Club"]
[Date "2015.05.29"]
[Round "1"]
[White "Mardaker"]
[Black "ALexiz"]
[Result "1-0"]
[ICCResult "Black resigns"]
[WhiteElo "2742"]
[BlackElo "1792"]
[Opening "English: Neo-Catalan declined"]
[ECO "A07"]
[NIC "RE.09"]
[Time "14:02:44"]
[TimeControl "180+0"]

1. Nf3 d5 2. g3 e6 3. Bg2 Nf6 4. O-O Be7 5. c4 O-O 6. b3 c5 7. cxd5 Nxd5 8.
Bb2 Nc6 9. Nc3 Nxc3 10. Bxc3 Qb6 11. Rc1 Nd4 12. e3 Nxf3+ 13. Qxf3 Qa6 14.
a4 Rb8 15. Qg4 f6 16. Qc4 Qxc4 17. bxc4 b6 18. Ra1 Bb7 19. a5 Bxg2 20. Kxg2
e5 21. axb6 axb6 22. Ra7 Rfe8 23. g4 Ra8 24. Rfa1 Rxa7 25. Rxa7 Bd6 26. Rd7
Re6 27. Rb7 Bf8 28. h4 e4 29. h5 g6 30. f4 Rd6 31. f5 g5 32. Kf2 h6 33. Ke2
Bg7 34. Kd1 Bf8 35. Kc2 Rc6 36. Kb3 Bd6 37. Ka4 Bc7 38. Kb5 Rd6 39. Rxc7
{Black resigns}
1-0

[Event "ICC Open 2015"]
[Site "Internet Chess Club"]
[Date "2015.05.29"]
[Round "1"]
[White "Ramanip15"]
[Black "VerdeNotte"]
[Result "0-1"]
[ICCResult "White resigns"]
[WhiteElo "1876"]
[BlackElo "2963"]
[Opening "Sicilian: dragon, Yugoslav attack"]
[ECO "B75"]
[NIC "SI.17"]
[Time "14:02:33"]
[TimeControl "180+0"]

1. e4 c5 2. Nf3 d6 3. Nc3 Nf6 4. d4 cxd4 5. Nxd4 g6 6. Be3 Bg7 7. f3 Nc6 8.
Qd2 d5 9. Nxc6 bxc6 10. e5 Nd7 11. f4 e6 12. Be2 Rb8 13. Na4 O-O 14. O-O c5
15. Nxc5 Rxb2 16. Nxd7 Bxd7 17. Bxa7 Qc7 18. Bd3 Qxa7+ 19. Kh1 Rxa2 20. Qc3
Rc8 21. Rxa2 Qxa2 22. Qd4 Bf8 23. Ra1 Bc5 24. Qc3 d4 25. Rxa2 dxc3 26. h3
Be3 27. g3 Bc6+ 28. Kh2 h5 29. Ra3 Bd5 30. g4 Bxf4+ 31. Kg1 Be3+ 32. Kh2 h4
{White resigns}
0-1

[Event "ICC Open 2015"]
[Site "Internet Chess Club"]
[Date "2015.05.29"]
[Round "1"]
[White "Kiborg95"]
[Black "paulohaddad"]
[Result "1-0"]
[ICCResult "Black resigns"]
[WhiteElo "2671"]
[BlackElo "1778"]
[Opening "Giuoco Pianissimo"]
[ECO "C24"]
[NIC "IG.04"]
[Time "14:02:31"]
[TimeControl "180+0"]

1. e4 e5 2. Bc4 Nf6 3. d3 Bc5 4. Nf3 Nc6 5. O-O d6 6. c3 Bg4 7. Nbd2 h6 8.
Re1 O-O 9. h3 Be6 10. Bb5 a6 11. Ba4 b5 12. Bc2 Bb6 13. Nf1 Re8 14. Ng3 Ne7
15. Nh4 Qd7 16. Qf3 Ng6 17. Nhf5 Bxf5 18. Nxf5 Qe6 19. Bb3 Qd7 20. Nxh6+
gxh6 21. Qxf6 Re6 22. Bxe6 Qxe6 23. Qxe6 fxe6 24. Bxh6 Kh7 25. Be3 Rf8 26.
a4 Nf4 27. Rad1 Bxe3 28. fxe3 Nh5 29. Rf1 Rc8 30. Kh2 bxa4 31. Ra1 d5 32.
Rxa4 d4 33. exd4 exd4 34. Rxd4 e5 35. Rd5 Kg6 36. Rxe5 {Black resigns} 1-0

[Event "ICC Open 2015"]
[Site "Internet Chess Club"]
[Date "2015.05.29"]
[Round "1"]
[White "FedoseevVl95"]
[Black "AlexSlizhevsky"]
[Result "1-0"]
[ICCResult "Black resigns"]
[WhiteElo "3117"]
[BlackElo "2077"]
[Opening "Réti: King's Indian attack"]
[ECO "A05"]
[NIC "QP.11"]
[Time "14:02:16"]
[TimeControl "180+0"]

1. Nf3 Nf6 2. g3 g6 3. Bg2 Bg7 4. O-O d5 5. b3 O-O 6. Bb2 c5 7. c4 d4 8. e3
Nc6 9. exd4 cxd4 10. d3 a5 11. a3 Re8 12. Nbd2 e5 13. Ng5 Bg4 14. Qc2 Rc8
15. h3 Bf5 16. Rfe1 b6 17. Rac1 Bd7 18. Nge4 Qc7 19. Qb1 h6 20. c5 Nxe4 21.
Nxe4 bxc5 22. Nxc5 Bf5 23. g4 Be6 24. Nxe6 Rxe6 25. Rc4 Qd8 26. Rec1 Ne7 27.
Qc2 Rxc4 28. bxc4 Rb6 29. c5 Rb8 30. a4 Qc7 31. c6 Rd8 32. Ba3 Bf8 33. Qc4
Nc8 34. Bxf8 Kxf8 35. Qc5+ Kg7 36. Rb1 Qd6 37. c7 Qxc5 38. cxd8=Q
{Black resigns}
1-0

[Event "ICC Open 2015"]
[Site "Internet Chess Club"]
[Date "2015.05.29"]
[Round "1"]
[White "past"]
[Black "FlyAway"]
[Result "0-1"]
[ICCResult "White resigns"]
[WhiteElo "1819"]
[BlackElo "2820"]
[Opening "King's Indian: 4.e4"]
[ECO "E70"]
[NIC "KI.29"]
[Time "14:02:40"]
[TimeControl "180+0"]

1. d4 Nf6 2. c4 g6 3. Nc3 Bg7 4. e4 O-O 5. g3 d6 6. Bg2 Nc6 7. Nge2 e5 8. d5
Nd4 9. O-O c5 10. dxc6 Nxc6 11. Nd5 h6 12. h3 Re8 13. f3 a6 14. Be3 Be6 15.
Nxf6+ Qxf6 16. b3 Rad8 17. Qc1 Kh7 18. Nc3 Nd4 19. Qd2 b5 20. cxb5 axb5 21.
Bxd4 exd4 22. Nxb5 Qe5 23. Nc7 Qxg3 24. Nxe8 Rxe8 25. Qf2 Qf4 26. Rab1 Be5
27. Rfd1 Rc8 28. b4 Qh2+ 29. Kf1 Bc4+ 30. Ke1 Bg3 31. Rxd4 Qg1+ {White
resigns} 0-1

[Event "ICC Open 2015"]
[Site "Internet Chess Club"]
[Date "2015.05.29"]
[Round "1"]
[White "jyd34"]
[Black "HappyEnding"]
[Result "0-1"]
[ICCResult "White resigns"]
[WhiteElo "1541"]
[BlackElo "2293"]
[Opening "Sicilian defense"]
[ECO "B33"]
[NIC "SI.32"]
[Time "14:03:36"]
[TimeControl "180+0"]

1. e4 c5 2. Nf3 Nc6 3. d4 cxd4 4. Nxd4 Nf6 5. f3 e5 6. Nb3 d5 7. exd5 Nxd5
8. Bd3 Be6 9. O-O Qb6+ 10. Kh1 Be7 11. Nc3 O-O 12. Nxd5 Bxd5 13. Be4 Bxe4
14. fxe4 Rad8 15. Qf3 Nb4 16. Be3 Qg6 17. c3 Nc2 18. Rac1 Nxe3 19. Qxe3 Bg5
20. Qxa7 Bxc1 21. Rxc1 Qxe4 22. Nc5 Qe3 23. Rf1 Rd5 24. b4 Rd2 25. Qxb7 Qe2
26. Rg1 Rxa2 27. Nd7 Rd8 28. Nc5 h6 29. Qe7 Rad2 30. Nb7 Rd1 31. Qc5 Rxg1+
{White resigns}
0-1